[Event "Late-Titled-Tuesday-Blitz-March-26-2024"]
[Site "Chess.com"]
[Date "2024.03.26"]
[Round "8"]
[White "Karttunen"]
[Black "CrushingKings"]
[Result "1-0"]
[WhiteElo "2711"]
[BlackElo "2565"]
[TimeControl "180+1"]
[EndTime "15:28:36 PDT"]
[Termination "Karttunen won on time"]

1. e4 g6 2. d4 Bg7 3. Nc3 c6 4. f4 d5 5. e5 Nh6 6. Be3 f6 7. Nf3 Bg4 8. h3 Bxf3 9. Qxf3 fxe5 10. fxe5 Nf5 11. Bf2 O-O 12. Qd3 c5 13. dxc5 e6 14. O-O-O Nc6 15. Be2 Nxe5 16. Qb5 Qg5+ 17. Kb1 Qxg2 18.
Rdf1 d4 19. Nd1 a6 20. Qb3 Kh8 21. Rhg1 Qe4 22. Bd3 Nxd3 23. cxd3 Qc6 24. Qb6 Rac8 25. Qxc6 Rxc6 26. b4 a5 27. Be1 axb4 28. Bxb4 b6 29.
cxb6 Rxb6 30. a3 Ra8 31. Nb2 Bf8 32. Bxf8 Rxf8 33. Ka2 e5 34. Nc4 Re6 35. Rg4 Rc8 36.
Re1 Rc5 37. Rge4 Ne3 38. Nxe3 dxe3 39. R1xe3 Ra5 40. Rb4 Kg7 41. Kb3 Rea6 42. a4 Kf6 43. Ree4 Kf5 44. Rb5 Rxb5+ 45. axb5 Rd6 46. Kc4 g5 47.
Re3 Kf4 48. Re4+ Kf5 49. Re1 h5 50. Rf1+ Ke6 51. Rf8 g4 52. h4 g3 53. Rg8 Rd4+ 54.
Kc3 Rg4 55. Re8+ Kd6 56. b6 g2 57. b7 1-0

[Event "Late-Titled-Tuesday-Blitz-March-26-2024"]
[Site "Chess.com"]
[Date "2024.03.26"]
[Round "8"]
[White "Nf3c5"]
[Black "GelmanAlexander"]
[Result "1-0"]
[WhiteElo "2573"]
[BlackElo "2669"]
[TimeControl "180+1"]
[EndTime "15:28:37 PDT"]
[Termination "Nf3c5 won by checkmate"]

1. e4 c5 2. Nc3 e6 3. g3 a6 4. Bg2 d6 5. Nge2 Nf6 6. O-O Nc6 7. d4 cxd4 8. Nxd4 Bd7 9. Re1 Be7 10. a4 O-O 11.
Nxc6 Bxc6 12. a5 Rc8 13. Be3 Qc7 14. Bb6 Qb8 15. Qd2 Nd7 16. Bd4 Rfd8 17. f4 Bf6 18. Bf2 h6 19. Ra3 b5 20. axb6 Nxb6 21. Rb3 Nc4 22. Qc1 Qa8 23. Bf1 d5 24. e5 Be7 25.
Bd4 a5 26. Ne2 a4 27. Rf3 Bb5 28. h4 Qc6 29. Bh3 Bc5 30. f5 Nxe5 31. Re3 Bxe2 32. Bxc5 Qxc5 33. Rxe2 exf5 34. Kg2 Ng4 35. Bxg4 fxg4 36.
Re7 d4 37. Qf4 Qd5+ 38. Kh2 Rd6 39. R7e5 Qc4 40. Re8+ Rxe8 41. Rxe8+ Kh7 42. Qxd6 Qxc2+ 43. Kg1 Qd1+ 44. Kf2 Qd2+ 45. Re2 Qd3 46. Qe5 f5 47. Qf4 Kg6 48. Rd2 Qc4 49. Qxd4 Qb3 50. Qd6+ Kh7 51. Qd3 Qb6+ 52. Kg2 Qc6+ 53. Kh2 Qc1 54. Qxf5+ Kh8 55. Rd8# 1-0

[Event "Late-Titled-Tuesday-Blitz-March-26-2024"]
[Site "Chess.com"]
[Date "2024.03.26"]
[Round "8"]
[White "bazar-wokzal"]
[Black "wild3000"]
[Result "1/2-1/2"]
[WhiteElo "2554"]
[BlackElo "2420"]
[TimeControl "180+1"]
[EndTime "15:28:37 PDT"]
[Termination "Game drawn - insufficient material"]

1. e4 e6 2. d4 a6 3. Nf3 b5 4. Bd3 Bb7 5. O-O d6 6. Qe2 c5 7. c3 Nf6 8. Bg5 Be7 9. Nbd2 cxd4 10. cxd4 Nbd7 11. Rfe1 h6 12. Bh4 Nh5 13. Bg3 Nxg3 14.
hxg3 O-O 15. e5 dxe5 16. dxe5 Nc5 17. Bc2 Rc8 18. Rad1 Qb6 19. Bb1 Rfd8 20. a3 a5 21. Ne4 Nxe4 22. Bxe4 Bxe4 23. Qxe4 b4 24. a4 Bc5 25.
Rxd8+ Rxd8 26. Re2 b3 27. g4 Qb4 28. g5 Qxe4 29.
Rxe4 hxg5 30. Rc4 Rd1+ 31. Kh2 Rd5 32. Kg3 f6 33. Rc3 Bb4 34. Rxb3 Kh7 35. Re3 Bc5 36.
Re4 Kg6 37. exf6 Kxf6 38. Nh2 Bd6+ 39. Kh3 Bxh2 40. Kxh2 Rd2 41. b4 axb4 42. Rxb4 Rxf2 43. Kg3 Ra2 44. Kf3 Kf5 45. Rb5+ Kf6 46. a5 Ra3+ 47. Kg4 Ra4+ 48. Kf3 Ra3+ 49. Kg4 Ra4+ 50. Kg3 e5 51. Kf3 Kf5 52. g4+ Ke6 53. Rb6+ Kd5 54. a6 Ra3+ 55. Kf2 Ke4 56. Rb4+ Kd5 57. Rb5+ Kd4 58. Rb4+ Kd5 59.
Rb5+ Kd4 60. Rb4+ Kc5 61. Rb7 Rxa6 62. Rxg7 Kd4 63. Rxg5 Ke4 64. Rf5 Ra2+ 65. Kg3 Ra3+ 66. Kh4 Rf3 67. Rxf3 Kxf3 68. g5 e4 69. g6 e3 70. g7 e2 71. g8=Q e1=Q+ 72. Kh5 Qh1+ 73. Kg6 Qg2+ 74. Kf7 Qxg8+ 75. Kxg8 1/2-1/2

[Event "Late-Titled-Tuesday-Blitz-March-26-2024"]
[Site "Chess.com"]
[Date "2024.03.26"]
[Round "8"]
[White "karinachess1"]
[Black "Der_Balak_3Halak"]
[Result "0-1"]
[WhiteElo "2567"]
[BlackElo "2444"]
[TimeControl "180+1"]
[EndTime "15:28:39 PDT"]
[Termination "Der_Balak_3Halak won on time"]

1. d4 d5 2. c4 c6 3. Nf3 Nf6 4.
g3 Nbd7 5. cxd5 cxd5 6. Nc3 e6 7. Bf4 a6 8. Bg2 Be7 9. O-O O-O 10. Rc1 b5 11. a4 b4 12. Nb1 Bb7 13. Bc7 Qe8 14.
Nbd2 Rc8 15. Nb3 Nb8 16. Na5 Ba8 17. Ne5 Nfd7 18. Qb3 Nxe5 19. dxe5 Nc6 20. Nxc6 Bxc6 21.
Bd6 Bxd6 22. exd6 a5 23. Rc5 Bxa4 24. Qe3 Rc6 25. Rxa5 Rxd6 26. Qc5 Rc6 27. Qxb4 Rc4 28.
Qa3 Bc2 29. Ra1 Qd7 30. e3 Rfc8 31. Bf1 R4c7 32. Bb5 Qd8 33. Ba6 Rb8 34. b4 Be4 35.
Bf1 Rcb7 36. b5 h5 37. h4 Qf6 38. Be2 Qf5 39. f3 Bxf3 40. Rf1 Bxe2 41. Rxf5 exf5 42. Qd6 Bc4 43. Qe5 g6 44. Qf6 Rxb5 45. Rxb5 Rxb5 46. Qd4 Rb1+ 47. Kf2 Rf1+ 48. Kg2 Re1 0-1

[Event "Late-Titled-Tuesday-Blitz-March-26-2024"]
[Site "Chess.com"]
[Date "2024.03.26"]
[Round "8"]
[White "rhwr"]
[Black "WilsonPalencia21"]
[Result "1-0"]
[WhiteElo "2310"]
[BlackElo "2578"]
[TimeControl "180+1"]
[EndTime "15:28:39 PDT"]
[Termination "rhwr won on time"]

1. e4 c5 2. Nf3 d6 3. d4 cxd4 4. Nxd4 Nf6 5. Nc3 g6 6. Be2 Bg7 7. O-O O-O 8. Be3 Nc6 9. Nb3 Be6 10. f3 d5 11. exd5 Nxd5 12. Nxd5 Qxd5 13. Qxd5 Bxd5 14. c3 a5 15. Nc5 Ne5 16. Rfd1 Rfd8 17. Na4 Bc4 18.
Bxc4 Nxc4 19. Bb6 Rxd1+ 20. Rxd1 Bf6 21. Rd7 Rb8 22. Ba7 Ne5 23. Rc7 Rd8 24. Rxb7 Rd1+ 25. Kf2 Rd2+ 26. Kf1 Kg7 27. Bd4 Nc4 28. Bxf6+ Kxf6 29. g3 Rxh2 30. Kg1 Rc2 31. a3 Nd2 32. f4 Ne4 33. g4 g5 34. Rb6+ e6 35. f5 Nf2 36.
fxe6 fxe6 37. Nc5 Nxg4 38. Nxe6 Kf5 39. Nd4+ Kf4 40. Nxc2 Ne5 41. Rf6+ Ke4 42. Re6 Kd5 43. Rxe5+ Kxe5 44. Kf2 Ke4 45. Ke2 h5 46. b4 a4 47. c4 h4 48. b5 Ke5 49. c5 Kd5 50. c6 Kd6 51. Kf3 1-0

[Event "Late-Titled-Tuesday-Blitz-March-26-2024"]
[Site "Chess.com"]
[Date "2024.03.26"]
[Round "8"]
[White "baki83"]
[Black "Fonsofan"]
[Result "1/2-1/2"]
[WhiteElo "2910"]
[BlackElo "2774"]
[TimeControl "180+1"]
[EndTime "15:28:40 PDT"]
[Termination "Game drawn - insufficient material"]

1. e4 d6 2. d4 Nf6 3. Nc3 e5 4. Nge2 Be7 5. h3 c6 6. a4 exd4 7. Nxd4 O-O 8. Bf4 d5 9. e5 Nfd7 10. Bd3 Nc5 11. O-O Nxd3 12. Qxd3 Na6 13. Qg3 Bh4 14.
Qe3 Be7 15. Rad1 Re8 16. Qg3 Bh4 17. Qf3 Nc5 18. Bh2 Qb6 19. b3 Bd7 20. Kh1 Be7 21. Qg3 Ne4 22. Nxe4 dxe4 23. Qf4 c5 24. Nf5 Bxf5 25. Qxf5 Qg6 26. Qxg6 hxg6 27. Rd7 b6 28. Re1 Kf8 29. Rxe4 Red8 30. Rxd8+ Rxd8 31. Bf4 Rd1+ 32. Kh2 Ke8 33. e6 f5 34. Re2 Bd6 35. Bxd6 Rxd6 36. Kg3 g5 37. h4 Ke7 38. hxg5 Rxe6 39.
Rxe6+ Kxe6 40. Kf4 g6 41. c3 a6 42. g4 fxg4 43. Kxg4 Ke5 44. f3 b5 45. axb5 axb5 46.
f4+ Ke4 47. Kg3 Ke3 48. f5 gxf5 49. g6 f4+ 50. Kh2 f3 51. g7 f2 52. g8=Q f1=Q 53.
Qg5+ Kd3 54. Qxc5 Qe2+ 55. Kg3 Qe3+ 56. Qxe3+ Kxe3 57. c4 bxc4 58. bxc4 Kd4 59. Kf4 Kxc4 1/2-1/2

[Event "Late-Titled-Tuesday-Blitz-March-26-2024"]
[Site "Chess.com"]
[Date "2024.03.26"]
[Round "8"]
[White "RebelJohnny"]
[Black "GMG"]
[Result "0-1"]
[WhiteElo "2605"]
[BlackElo "2799"]
[TimeControl "180+1"]
[EndTime "15:28:44 PDT"]
[Termination "GMG won by resignation"]

1. e4 c6 2. d4 d5 3. Nd2 dxe4 4.
Nxe4 Nf6 5. Nxf6+ exf6 6. c3 Bd6 7. Bd3 O-O 8. Qc2 Re8+ 9. Ne2 h5 10. O-O Nd7 11.
Bf4 Nf8 12. Bxd6 Qxd6 13. Rfe1 h4 14. Bf5 Bxf5 15. Qxf5 Ng6 16. Rad1 Re7 17. Nc1 Rae8 18.
Nd3 b6 19. g3 a5 20. Rxe7 Rxe7 21. Re1 Rxe1+ 22. Nxe1 Qe6 23. Qxe6 fxe6 24. Nf3 hxg3 25. hxg3 Kf7 26. Kf1 Ke7 27. Ke2 Kd6 28. Kd3 Ne7 29.
c4 c5 30. b3 Nc6 31. a3 g5 32. Kc3 g4 33. dxc5+ bxc5 34. Ne1 f5 35. Nd3 e5 36. b4 cxb4+ 37. axb4 e4 38. c5+ Kc7 39. Nf4 Nxb4 40. Kc4 Nd3 41. Nd5+ Kd8 42. c6 a4 43. Kb5 a3 44. c7+ Kd7 45. Kb6 a2 46. Ne7 Kxe7 47.
c8=Q a1=Q 48. Qc7+ Kf6 49. Qd6+ Kf7 50. Qd7+ Kg6 51.
Qe8+ Kg7 52. Qe7+ Kh6 53. Qh4+ Kg6 54. Kc6 Qf6+ 0-1

[Event "Late-Titled-Tuesday-Blitz-March-26-2024"]
[Site "Chess.com"]
[Date "2024.03.26"]
[Round "8"]
[White "Hrant_ChessMood"]
[Black "mbojan"]
[Result "0-1"]
[WhiteElo "2946"]
[BlackElo "2911"]
[TimeControl "180+1"]
[EndTime "15:28:45 PDT"]
[Termination "mbojan won by resignation"]

1. Nf3 g6 2. d4 d6 3. e4 Nf6 4. Nc3 Bg7 5. Be2 O-O 6. O-O a6 7. a4 Nc6 8. d5 Nb4 9. Bc4 Bg4 10. Bb3 a5 11. h3 Bxf3 12. Qxf3 Nd7 13. Bg5 Nc5 14. Rad1 Nxb3 15. cxb3 Qd7 16. Rd2 Na6 17.
Rc1 c6 18. h4 h5 19. g3 Rac8 20. Kg2 Nb4 21. Rcd1 Rfe8 22. Bf4 Qg4 23. Be3 Qxf3+ 24. Kxf3 f5 25. Kg2 fxe4 26. dxc6 bxc6 27. Nxe4 Nd5 28.
Rxd5 cxd5 29. Rxd5 Rb8 30. Nd2 Bxb2 31. Rxa5 Bc3 32.
Rb5 Rxb5 33. axb5 Bxd2 34. Bxd2 Rb8 35. Kf3 Rxb5 36. b4 Kf7 37. Ke4 Ke6 38. Kd4 Kd7 39. Kc4 Kc6 40. Be3 e5 41. Kb3 Rb8 42. Kc3 Ra8 43.
Kb3 d5 44. Bc5 Kb5 45. Bd6 Re8 46. Kc3 Re6 47. Bc5 Rf6 48. Kd3 Rf3+ 49. Ke2 e4 50.
Kd2 Rb3 51. Ke2 Rxb4 52. Be3 Rb3 53. Bh6 Kc4 54. Bg7 d4 55. Kd2 Rb2+ 56. Ke1 Ra2 57. Kf1 Kd3 58. Kg2 e3 0-1

[Event "Late-Titled-Tuesday-Blitz-March-26-2024"]
[Site "Chess.com"]
[Date "2024.03.26"]
[Round "8"]
[White "David_ATM"]
[Black "HanSchut"]
[Result "1/2-1/2"]
[WhiteElo "2371"]
[BlackElo "2281"]
[TimeControl "180+1"]
[EndTime "15:28:46 PDT"]
[Termination "Game drawn by repetition"]

1. e4 c5 2. c3 g6 3. d4 cxd4 4.
cxd4 d5 5. e5 Nc6 6. Nc3 Nh6 7.
Nf3 Bg4 8. Bd3 Bxf3 9. Qxf3 Nxd4 10. Qxd5 Qxd5 11. Nxd5 O-O-O 12. Nc3 Nf3+ 13. gxf3 Rxd3 14.
Ke2 Rd7 15. Be3 Kb8 16. Rhd1 Rxd1 17. Rxd1 Bg7 18. f4 Nf5 19. Bc5 Rc8 20. Ba3 a6 21. Rd7 Rc7 22. Rd8+ Rc8 23. Rd7 Rc7 24. Rxc7 Kxc7 25.
Kd3 Bh6 26. Ke4 Kd7 27. Nd5 Bf8 28. Nb6+ Kc6 29. Nc4 b6 30. Ne3 Nxe3 31. fxe3 Kd7 32.
Bb4 Bg7 33. Bc3 e6 34. Bd4 Kc6 35. Kd3 Bf8 36. Kc4 b5+ 37. Kd3 Bc5 38. b3 Kd5 39. e4+ Kc6 40. Bc3 Kb6 41. h3 Kc6 42. a4 Bf2 43. Bd2 Bg3 44. Be3 Bh2 45. Kc3 Bg3 46. Kd3 Bh4 47. Kd2 Be7 48. Kc3 Bc5 49. Bd2 Bb6 50.
Kd3 Bc5 51. Bc3 Bb6 52. Bb4 Bc5 53. Ba5 Bb6 54. Bd2 Bc5 55. Be1 Be7 56. Bf2 Bc5 57. Be1 Be7 58. Bg3 Bc5 59. Bh4 Bf8 60. Bf2 Bc5 61.
Be1 1/2-1/2

[Event "Late-Titled-Tuesday-Blitz-March-26-2024"]
[Site "Chess.com"]
[Date "2024.03.26"]
[Round "8"]
[White "yujiarun18"]
[Black "dasatcu90"]
[Result "0-1"]
[WhiteElo "2117"]
[BlackElo "2245"]
[TimeControl "180+1"]
[EndTime "15:28:52 PDT"]
[Termination "dasatcu90 won by resignation"]

1. e4 c6 2. d4 d5 3. Nc3 dxe4 4.
Nxe4 Nf6 5. Nxf6+ exf6 6. c3 Bd6 7. Bd3 O-O 8. Qc2 Re8+ 9. Ne2 h5 10. Be3 Be6 11. Ng3 h4 12. Ne4 Na6 13. Nxd6 Qxd6 14.
g3 h3 15. a3 Nc7 16. O-O-O b5 17. Bf4 Qd7 18. Rhe1 Nd5 19. Bd2 a5 20. c4 bxc4 21.
Bxc4 Reb8 22. f4 Bf5 23. Bd3 Bxd3 24. Qxd3 Rb5 25. Re2 Rab8 26. Be1 g6 27. Rc2 Kg7 28. Rdd2 Qe6 29. Re2 Qd6 30. Qc4 R8b6 31. Bf2 f5 32.
Qd3 Rb3 33. Qc4 Qf6 34. Qc5 R3b5 35. Qc4 Qd6 36. Qa4 Nf6 37. d5 c5 38. Qc4 Ne4 39.
Be3 f6 40. Bd2 Rb3 41. Bxa5 R6b5 42. Bc3 Nxc3 43. Rxc3 Rxc3+ 44. Qxc3 Qxd5 45. Rd2 Qb7 46. Qc4 Rb6 47. Qc3 Rc6 48. Qc2 Rc7 49. Qd1 Qc6 50.
Rc2 c4 51. Kb1 Qe4 52. Ka2 c3 53. Qd6 Qc4+ 54. Ka1 cxb2+ 55. Rxb2 Qc2 56. Rxc2 Rxc2 57. Qd7+ Kh6 58. Qd3 Rxh2 59. Qd8 Kh5 60. Qd1+ Kh6 61. g4 Rg2 62. gxf5 h2 63. Qb1 Rg1 64. a4 Rxb1+ 65.
Kxb1 h1=Q+ 66. Kb2 Qe4 67. Ka3 Qxf4 68. a5 Qxf5 69.
a6 Qb5 70. a7 Qa6+ 71. Kb3 Qxa7 72. Kc3 Qb7 73. Kd4 Qc7 74. Kd3 Qd7+ 75. Ke3 Qe6+ 0-1

[Event "Late-Titled-Tuesday-Blitz-March-26-2024"]
[Site "Chess.com"]
[Date "2024.03.26"]
[Round "8"]
[White "SahibSinghKnight"]
[Black "Budisavljevic"]
[Result "0-1"]
[WhiteElo "2577"]
[BlackElo "2777"]
[TimeControl "180+1"]
[EndTime "15:28:53 PDT"]
[Termination "Budisavljevic won by resignation"]

1. e4 c5 2. Nf3 e6 3. c3 d5 4.
exd5 exd5 5. d4 Nf6 6. Bb5+ Bd7 7. Qe2+ Be7 8. dxc5 O-O 9. Be3 Re8 10. b4 Ng4 11.
O-O a5 12. Bxd7 Nxd7 13. Nd4 Nxe3 14. fxe3 Bg5 15. Rf3 Ne5 16. Rg3 Nc4 17. Qg4 Bxe3+ 18. Kf1 g6 19. Nf5 Qf6 20. Rf3 Ne5 21. Nxe3 Nxg4 22. Rxf6 Nxf6 23. Nc2 Ne4 24. Nd4 Ra6 25.
a3 Rf6+ 26. Nf3 g5 27. h3 h5 28. Kg1 g4 29. Nd4 g3 30. Nf3 Rfe6 31. Kf1 f6 32. a4 Ng5 33. Nbd2 Re2 34. Kg1 Rf2 35. Rf1 Ree2 36.
Rxf2 Rxf2 37. bxa5 Nxf3+ 38. Nxf3 Ra2 39. Kf1 Rxa4 40.
Nd4 Rxa5 41. c6 bxc6 42. Nxc6 Rc5 43. Nb4 Kf7 44. Ke2 Ke6 45. Kd2 h4 46. Nd3 Rc4 47.
Ne1 Ra4 48. Ke3 f5 49. Nd3 Rc4 50. Kd2 f4 51. Ne1 Ra4 52. Ke2 Kf5 53. Kf3 Ra2 54. Nd3 Rd2 55. Nxf4 Rf2+ 56. Ke3 Rxf4 0-1

[Event "Late-Titled-Tuesday-Blitz-March-26-2024"]
[Site "Chess.com"]
[Date "2024.03.26"]
[Round "8"]
[White "Kavyev_Ruslan"]
[Black "simaopdias"]
[Result "1-0"]
[WhiteElo "2388"]
[BlackElo "2281"]
[TimeControl "180+1"]
[EndTime "15:28:55 PDT"]
[Termination "Kavyev_Ruslan won by resignation"]

1. d4 d5 2. Nf3 Nf6 3. c4 e6 4.
g3 Be7 5. Bg2 O-O 6. Nc3 b6 7.
cxd5 exd5 8. O-O h6 9. Bf4 Be6 10. Rc1 c5 11. Ne5 c4 12. Nxc4 dxc4 13. Bxa8 Nd5 14.
Nxd5 Bxd5 15. Bxd5 Qxd5 16. Bxb8 Rxb8 17. e3 b5 18. b3 Rc8 19. bxc4 bxc4 20. Qa4 a5 21. Rc2 c3 22. Rfc1 Rc4 23. Qb3 a4 24. Qb8+ Bf8 25.
Qe5 Qc6 26. d5 Qb5 27. Rxc3 Rxc3 28. Qxc3 Qxd5 29. Qc4 Qd7 30. h4 a3 31. Qb3 Qd2 32. Rd1 Qe2 33. Qd5 g6 34. Rd2 Qg4 35. Kg2 Qc8 36. Qe4 Qc7 37. Rc2 Qd7 38. h5 gxh5 39. Qf3 Qb5 40. Qe2 Qf5 41. e4 Qe5 42. Rd2 h4 43. Rd5 Qg7 44. Qf3 hxg3 45. Qxg3 Kh7 46. Qxg7+ Bxg7 47. f4 Bb2 48. Kg3 Kg6 49. Kg4 Kf6 50.
Rd6+ Kg7 51. Kh5 Bc1 52. Kg4 Bb2 53. Ra6 Bc1 54. e5 Bb2 55. Kf5 Bc1 56. Ra7 Kf8 57. Kf6 Ke8 58. Ra8+ Kd7 59. Kxf7 Bxf4 60. e6+ 1-0

[Event "Late-Titled-Tuesday-Blitz-March-26-2024"]
[Site "Chess.com"]
[Date "2024.03.26"]
[Round "8"]
[White "Zampronha1971"]
[Black "secretsuperstar7"]
[Result "0-1"]
[WhiteElo "2376"]
[BlackElo "2508"]
[TimeControl "180+1"]
[EndTime "15:28:56 PDT"]
[Termination "secretsuperstar7 won on time"]

1. e4 c5 2. Nf3 Nc6 3. d4 cxd4 4. Nxd4 e5 5. Nb5 d6 6. N1c3 a6 7. Na3 b5 8. Nd5 Nf6 9. Bg5 Be7 10. Bxf6 Bxf6 11.
c3 O-O 12. Nc2 g6 13. a4 bxa4 14. Rxa4 Bg7 15. Bc4 a5 16. O-O Rb8 17. b3 Bd7 18. Qe2 Kh8 19. Raa1 f5 20. f3 Ra8 21. Rfd1 Ne7 22.
Nxe7 Qxe7 23. Ne3 Bc6 24. Bd5 Bxd5 25. Nxd5 Qa7+ 26. Qe3 Qb7 27. Qb6 Qxb6+ 28. Nxb6 Ra6 29. Nc4 fxe4 30. fxe4 Rb8 31. Rxd6 Rxd6 32. Nxd6 Rxb3 33. Rxa5 Bf8 34. Nc4 Rxc3 35. Nxe5 Re3 36. Ra4 Bc5 37. Kf1 Kg7 38. Rc4 Bd6 39. Nf3 Ra3 40. g3 Rxf3+ 41. Kg2 Re3 42. Kf2 Ra3 43. Rc6 Be5 44.
Kg2 Re3 45. Rc4 Bf6 46. Kf2 Rd3 47. Ke2 Rb3 48. h4 h5 49. Rc5 Rxg3 50. e5 Bxh4 51. Rc6 Be7 52. Re6 Kf7 53. Rc6 h4 54. Kf2 Rg5 55. e6+ Kf6 56. Kf3 Re5 57. Kg4 Rxe6 58.
Rc4 g5 59. Ra4 Rd6 60. Rc4 Rb6 0-1

[Event "Late-Titled-Tuesday-Blitz-March-26-2024"]
[Site "Chess.com"]
[Date "2024.03.26"]
[Round "8"]
[White "Cmorales2001"]
[Black "frequentblunders"]
[Result "1-0"]
[WhiteElo "2371"]
[BlackElo "2207"]
[TimeControl "180+1"]
[EndTime "15:28:57 PDT"]
[Termination "Cmorales2001 won by resignation"]

1. e4 e6 2. d4 c5 3. Nf3 cxd4 4.
Nxd4 Nf6 5. Nc3 Bb4 6. Bd3 d5 7. e5 Nfd7 8. f4 O-O 9. O-O Nc6 10. Nxc6 bxc6 11. Rf3 f5 12. Na4 Nc5 13. Nxc5 Bxc5+ 14. Kh1 a5 15. Bd2 Qb6 16. Rb1 Ba6 17. a3 Rfb8 18. Bxa6 Qxa6 19. Rg3 Qc4 20. b3 Qe4 21. b4 axb4 22.
axb4 Bd4 23. Rd3 Ra2 24. h3 h6 25. Bc1 c5 26. b5 Bf2 27. Qf1 c4 28. Rd1 Rxc2 29. Bd2 c3 30. Qxf2 Rxd2 31. Qa7 Rxd1+ 32. Rxd1 Rc8 33. b6 c2 34. Rg1 Qd3 35. b7 c1=Q 36. b8=Q Qxg1+ 37. Kxg1 Qd1+ 38. Kh2 Rxb8 39. Qxb8+ Kh7 40.
Qe8 Qe2 41. Qxe6 Qe4 42. Qd6 Qxf4+ 43. Kg1 Qc1+ 44. Kf2 Qf4+ 45. Ke2 Qe4+ 46. Kd1 f4 47. e6 Qxg2 48. e7 Qf3+ 49. Kc1 Qc3+ 50. Kb1 Qb3+ 51.
Kc1 Qc3+ 52. Kb1 Qd3+ 53. Ka1 Qc3+ 54. Ka2 Qc2+ 55. Ka3 Qc3+ 56. Ka4 Qc4+ 57. Ka5 Qe4 58. Qd7 Qe2 59. e8=Q 1-0

[Event "Late-Titled-Tuesday-Blitz-March-26-2024"]
[Site "Chess.com"]
[Date "2024.03.26"]
[Round "8"]
[White "maurovargas01"]
[Black "AntonovaNadezhda"]
[Result "0-1"]
[WhiteElo "1844"]
[BlackElo "2166"]
[TimeControl "180+1"]
[EndTime "15:28:57 PDT"]
[Termination "AntonovaNadezhda won on time"]

1. e4 c5 2. Nc3 d6 3. f4 Nf6 4. Nf3 g6 5. Bb5+ Nbd7 6. O-O Bg7 7.
a4 O-O 8. Bc4 b6 9. d3 Bb7 10. Qe1 e6 11. Qh4 d5 12. Bb3 dxe4 13.
dxe4 Nxe4 14. Nxe4 Qxh4 15. Nxh4 Bxe4 16. Nf3 Rac8 17. a5 c4 18. Ba4 Nc5 19. Bb5 Bxc2 20. Bxc4 Bd3 21. Bxd3 Nxd3 22. Be3 Nxb2 23. Rab1 Nc4 24.
Bf2 Nxa5 25. Rfd1 Rfd8 26. Bh4 Rxd1+ 27. Rxd1 Nb3 28. Rd7 a5 29. Ng5 Bf6 30. Bf2 Rc1+ 31. Be1 Rxe1+ 32. Kf2 Bxg5 33. Kxe1 Bxf4 34. g3 Bd2+ 35.
Ke2 Bb4 36. Rd8+ Kg7 37. Rc8 Bc5 38. Kd3 Nd4 39. Kc4 Nf3 40. h3 a4 41. Ra8 a3 42.
Kb3 h5 43. Ra4 Nd4+ 44. Ka2 Nb5 45. Ra8 Kf6 46. Rc8 Nc3+ 47. Ka1 Ne4 48. g4 hxg4 49. hxg4 Kg5 50. Rc7 Nd6 51. Ka2 Kxg4 52. Rd7 Kf3 53.
Kb3 g5 54. Rd8 g4 55. Rg8 g3 56. Ka2 g2 57. Rg7 e5 58. Rg8 e4 59. Rg7 e3 60.
Rg5 e2 0-1

[Event "Late-Titled-Tuesday-Blitz-March-26-2024"]
[Site "Chess.com"]
[Date "2024.03.26"]
[Round "8"]
[White "dennisodessa"]
[Black "Adar_07"]
[Result "1/2-1/2"]
[WhiteElo "2540"]
[BlackElo "2775"]
[TimeControl "180+1"]
[EndTime "15:28:58 PDT"]
[Termination "Game drawn - insufficient material"]

1. d4 Nf6 2. c4 e6 3. Nc3 c5 4. d5 exd5 5. cxd5 d6 6. e4 g6 7. h3 Bg7 8. Bd3 O-O 9. Nf3 b5 10.
Bxb5 Nxe4 11. Nxe4 Qa5+ 12. Nfd2 Qxb5 13. Nxd6 Qd3 14.
N2c4 Qxd1+ 15. Kxd1 Ba6 16. Be3 Nd7 17. Rc1 Rfd8 18. b3 Ne5 19. Kc2 Nxc4 20. Nxc4 Rxd5 21. Rhd1 Bb7 22. Rxd5 Bxd5 23. f3 Rb8 24. Kd3 Re8 25.
Bxc5 Be6 26. Nd6 Re7 27. Rc2 Be5 28. Ne4 Rd7+ 29. Ke2 f5 30. Ng5 Bd5 31. h4 Bb7 32.
Rd2 Ba6+ 33. Kd1 Rxd2+ 34. Kxd2 Bg3 35. h5 gxh5 36. Be3 h4 37. Nh3 Bf1 38. Nf4 Kf7 39.
b4 Ke7 40. a4 Kd6 41. b5 Ke5 42. Nd3+ Kd5 43. a5 Kc4 44. b6 axb6 45. axb6 Bxd3 46. b7 Be4 47. fxe4 fxe4 48. Ba7 Kd5 49. b8=Q Bxb8 50. Bxb8 Ke6 51. Ke3 Kf5 52. Bh2 h5 53. Bc7 Kg4 54.
Kf2 h3 55. gxh3+ Kxh3 56. Ke3 Kg2 57. Kxe4 h4 58. Bb8 h3 59. Bc7 h2 60. Bxh2 1/2-1/2

[Event "Late-Titled-Tuesday-Blitz-March-26-2024"]
[Site "Chess.com"]
[Date "2024.03.26"]
[Round "8"]
[White "TimGrutter03"]
[Black "MyDream003"]
[Result "0-1"]
[WhiteElo "2605"]
[BlackElo "2798"]
[TimeControl "180+1"]
[EndTime "15:29:01 PDT"]
[Termination "MyDream003 won on time"]

1. e4 c5 2. Nf3 d6 3. d4 cxd4 4. Nxd4 Nf6 5. Nc3 a6 6. h4 h5 7. Bg5 e6 8. f4 Qc7 9. Be2 Nbd7 10. Qd2 b5 11. Bf3 Bb7 12. a3 Rc8 13. O-O Be7 14. Rad1 Nb6 15. e5 dxe5 16. fxe5 Nc4 17. Qe2 Bxf3 18.
Nxf3 Bc5+ 19. Kh1 Ng4 20. Ne4 O-O 21. Bf4 Nce3 22. Bxe3 Bxe3 23. c3 Bf4 24. Nd6 Rcd8 25. Qe4 Bxe5 26. Nxe5 Rxd6 27. Nxg4 hxg4 28. Qxg4 Rfd8 29.
Rxd6 Qxd6 30. h5 Qd3 31. Rf3 Qb1+ 32. Kh2 Rd1 33. Qf4 f6 34. Qb8+ Kh7 35. Qf4 Rh1+ 36. Kg3 Qe1+ 37. Rf2 Rxh5 38. Qf3 Qe5+ 39. Qf4 Rg5+ 40.
Kh2 Rh5+ 41. Kg1 Qxf4 42. Rxf4 Rd5 43. Rf2 Kg6 44. Re2 e5 45. Kf2 Kf5 46. Ke3 Ke6 47. g4 g6 48. Rh2 Rd1 49. Rh6 g5 50. Rh7 Rg1 51. Ra7 Rg3+ 52. Kf2 Rxg4 53. Rxa6+ Kf5 54. Rb6 Rf4+ 55. Ke2 g4 56. Rxb5 g3 57. Rb8 Rf2+ 58.
Ke3 Rc2 59. Rg8 g2 60. c4 Rxb2 0-1

[Event "Late-Titled-Tuesday-Blitz-March-26-2024"]
[Site "Chess.com"]
[Date "2024.03.26"]
[Round "8"]
[White "Bryanl106"]
[Black "N_Mullodzhanov"]
[Result "1-0"]
[WhiteElo "2683"]
[BlackElo "2547"]
[TimeControl "180+1"]
[EndTime "15:29:02 PDT"]
[Termination "Bryanl106 won by checkmate"]

1. e4 c6 2. Nf3 d5 3. Nc3 Bg4 4. h3 Bxf3 5. Qxf3 e6 6. d3 Nd7 7. Be2 Ngf6 8. O-O Bc5 9. Qg3 O-O 10. Bh6 Ne8 11. Bf4 a5 12. Nd1 a4 13. c3 Qe7 14. d4 Bd6 15. e5 Bc7 16. Ne3 f5 17. h4 Kh8 18. h5 Rg8 19. Bg5 Qf7 20. Qh4 h6 21. Bf4 Bd8 22. Qg3 Nf8 23. Qh3 Bg5 24. Qg3 Bxf4 25. Qxf4 b5 26. b4 Qe7 27. g3 Nh7 28. Kg2 Ng5 29. f3 Nc7 30. Bd3 Rgf8 31. g4 fxg4 32. Qxg4 Rf7 33. Bg6 Rff8 34. Rf2 Rad8 35.
Rg1 Na8 36. Kf1 Nb6 37. Ke2 Nc4 38. Nxc4 dxc4 39. f4 Nh7 40. Be4 Rf7 41. f5 Ng5 42.
Bxc6 Rdf8 43. Rgf1 exf5 44. Rxf5 Qe6 45. Rxg5 Qxg4+ 46. Rxg4 Rxf1 47. Bxb5 R8f2+ 48. Ke3 Rf3+ 49. Ke4 Rxc3 50.
e6 Re1+ 51. Kd5 Rf3 52. Bxc4 Rf5+ 53. Kd6 Rf6 54. b5 Kh7 55. b6 Rb1 56. Kc7 Rc1 57.
d5 g5 58. hxg6+ Rxg6 59. Rxg6 Kxg6 60. b7 Rxc4+ 61. Kd8 Rb4 62. e7 Rxb7 63. e8=Q+ Kg5 64. Qe5+ Kg4 65. d6 Rb8+ 66. Kc7 Rf8 67. d7 Rf5 68.
Qe4+ Rf4 69. Qg2+ Kh5 70. d8=Q Rf7+ 71. Kc6 Rf6+ 72. Qxf6 a3 73. Qfg6+ Kh4 74. Qxh6# 1-0

[Event "Late-Titled-Tuesday-Blitz-March-26-2024"]
[Site "Chess.com"]
[Date "2024.03.26"]
[Round "8"]
[White "jstopa4"]
[Black "Keks2017"]
[Result "1-0"]
[WhiteElo "2739"]
[BlackElo "2573"]
[TimeControl "180+1"]
[EndTime "15:29:05 PDT"]
[Termination "jstopa4 won on time"]

1. d4 d6 2. e4 Nf6 3. Bd3 e5 4. c3 d5 5. dxe5 Nxe4 6. Nf3 Nc6 7. O-O Bg4 8. Bf4 Be7 9. h3 Bh5 10. b4 Qd7 11. b5 Nd8 12. Re1 Nc5 13. Be2 Nde6 14. Bg3 Ne4 15. Bh2 O-O 16. a4 Rad8 17. Nd4 Bxe2 18. Rxe2 Rfe8 19. Qc2 Bc5 20. Nb3 Bf8 21.
N1d2 Nxd2 22. Rxd2 c6 23. Qd3 Nc5 24. Nxc5 Bxc5 25.
Rad1 Qe6 26. Kf1 f6 27. Re2 fxe5 28. Bxe5 Qf7 29. Bd4 Rxe2 30. Qxe2 Bxd4 31. cxd4 Re8 32. Qg4 Qe6 33. Qxe6+ Rxe6 34. bxc6 Rxc6 35. Rb1 b6 36. Rb5 Rd6 37. a5 bxa5 38. Rxa5 a6 39. Ke2 Kf7 40. Ke3 Ke6 41. Rc5 Rb6 42. Rc8 g6 43. Ra8 Kf6 44. h4 Ke6 45. g3 Kd6 46. Kf4 Kc6 47. Ra7 h6 48. Ke5 Kb5 49. Kxd5 a5 50. Ke5 Kc4 51. Rxa5 Rb2 52. Rc5+ Kd3 53. f4 Re2+ 54. Kf6 Kxd4 55. Re5 Rg2 56. Kxg6 Rxg3+ 57. Kf5 h5 58. Ke6 Rg4 59.
f5 Rxh4 60. f6 Rf4 61. Rf5 Re4+ 62. Kd7 Re5 63. Rxe5 Kxe5 64. f7 h4 65. f8=Q h3 66.
Qh8+ Kf4 67. Qxh3 1-0